 Dungeon Crawl Stone Soup version 0.31-a0-1025-g2e47921a08 (webtiles) character file.

Game seed: 16449961435188963060

66 Turgor the Changeling (level 3, -2/29 HPs)
             Began as a Draconian Shapeshifter on Nov 17, 2023.
             Slain by Grinder (7 damage)
             ... while paralysed by Grinder
             ... on level 3 of the Dungeon.
             The game lasted 00:03:51 (1586 turns).

Turgor the Changeling (Draconian Shapeshifter)      Turns: 1586, Time: 00:03:51

Health: -2/29      AC:  5    Str: 16    XL:     3   Next: 96%
Magic:  3/3        EV:  2    Int: 10    God:
Gold:   128        SH:  0    Dex: 12    Spells: 2/2 levels left

rFire   . .          .
                       - Unarmed
rCold   . . .        (no shield)
rNeg    . . .        (body armour unavailable)
rPois   .            (helmet currently unavailable)
rElec   .            (cloak currently unavailable)
rCorr   .            (gloves currently unavailable)
SInv    .            (boots currently unavailable)
Will    .....        (no amulet)
Stlth   +            (no ring)
HPRegen 0.24/turn    (no ring)
MPRegen 0.08/turn

%: no passive effects
@: paralysed, beast-form
A: beast (slay +2), AC +5, unfitting armour, cold-blooded
a: Begin Untransformation


You were on level 3 of the Dungeon.
You were a hulking beast.
You visited 1 branch of the dungeon, and saw 3 of its levels.

You collected 128 gold pieces.

Inventory:

Armour
 h - a +0 pair of gloves
Talismans
 b - a beast talisman
 c - a flux talisman
Scrolls
 d - a scroll of revelation {unknown}
 f - a scroll of butterflies {unknown}
 j - a scroll of fog
 k - a scroll of enchant armour {unknown}
 l - a scroll of noise {unknown}
Potions
 a - 2 potions of lignification
 e - a potion of heal wounds
 g - a potion of attraction {unknown}
 i - a potion of magic {unknown}


   Skills:
 + Level 2.0 Fighting
 + Level 2.2 Dodging
 + Level 3.4 Unarmed Combat
 * Level 3.7 Shapeshifting


You had 2 spell levels left.
You didn't know any spells.
Your spell library contained the following spells:

 Spells                   Type           Power      Damage    Failure   Level
 Blink                    Tloc           0%         N/A       50%         2
 Manifold Assault         Tloc           0%         N/A       98%         4


Dungeon Overview and Level Annotations

Branches:
Dungeon (3/15)

Altars:
Zin

Annotations:
D:3 Grinder


Innate Abilities, Weirdness & Mutations

You are a hulking beast.
Your limbs bulge with bestial killing power. (Slay +2)
Your plain brown scales are hard. (AC +5)
You cannot fit into any form of body armour.
You are cold-blooded and may be slowed by cold attacks.


Message History

Grinder hits you.
You writhe in agony.
You can move again.
Unknown command.
You barely miss Grinder.
Grinder is lightly wounded.
Grinder gestures at you. Pain shoots through your body!
You hit Grinder.
Grinder is moderately wounded.
Grinder gestures at you. Pain shoots through your body!
You hit Grinder.
Your tail-slap misses Grinder.
Grinder is moderately wounded.
You hear the slow rusting of a very distant drain.
Grinder blinks!
It was a potion of heal wounds.
You feel much better. Grinder closely misses you.
You closely miss Grinder.
Grinder is moderately wounded.
Grinder barely misses you.
You barely miss Grinder. You tail-slap Grinder.
Grinder is moderately wounded.
Grinder grins, showing sharp teeth.
Grinder hits you!
You hit Grinder.
You tail-slap Grinder, but do no damage.
You punch Grinder, but do no damage.
Grinder is moderately wounded.
Grinder barely misses you.
You hit Grinder.
Grinder is heavily wounded.
Grinder gestures at you.
You suddenly lose the ability to move!
Grinder hits you but does no damage. Grinder hits you.
You writhe in agony.
Grinder hits you.
You writhe in agony.
* * * LOW HITPOINT WARNING * * *
Grinder hits you!
You die...
Grinder says, "Now the real fun starts!"

.......#.....######
#..................
.$.........#†#..#
................##
.$...............# #
..........###)#........
.........## #.#########
.........# #...##...(
.......h.# ###.#..####
.......5.# ####......(.
.........#
#.........###
####..####


#....P.PPPPPP .#.. #....P.....P. #.#.. #....P.PPP.P. ...#. ###..P...P... ####.
.#####..PPPPP.PP #.....#.(P.....P. You could see Grinder.

Vanquished Creatures
  3 adders
  A worm (D:2)
  An orc (D:3)
  6 bats
  An endoplasm (D:2)
  2 giant cockroaches
  2 hobgoblins (D:2)
  2 kobolds (D:1)
  A quokka (D:2)
  4 ball pythons
  A frilled lizard (D:3)
  7 goblins
  5 rats
36 creatures vanquished.

Vanquished Creatures (others)
  A bat (D:2)
1 creature vanquished.

Grand Total: 37 creatures vanquished

Notes
Turn   | Place    | Note
-------+----------+-------------------------------------------
     0 | D:1      | Turgor the Draconian Shapeshifter began the quest for the
                  | Orb.
     0 | D:1      | Reached XP level 1. HP: 16/16 MP: 1/1
   333 | D:1      | Reached XP level 2. HP: 23/23 MP: 2/2
   806 | D:2      | Reached XP level 3. HP: 26/29 MP: 3/3
  1061 | D:2      | Found a glowing silver altar of Zin.
  1565 | D:3      | Noticed Grinder
  1570 | D:3      | Paralysed by Grinder for 4 turns
  1582 | D:3      | Paralysed by Grinder for 4 turns
  1586 | D:3      | Slain by Grinder

Illustrated notes

Levels and vault maps discovered:
D:1:      scummos_arrival_simple_crosswalls, layout_loops_ring
D:2:      layout_loops_ring, basic_altar, st_stairs_14, serial_bayou_pond_b
D:3:      layout_rooms, serial_co_window_serial, co_window_corner_a,
          co_window_paths_b, co_window_paths_a, co_window_paths_a,
          co_window_of_opportunity_a, co_window_corner_a, co_window_paths_a,
          co_window_of_opportunity_a, co_window_paths_a, co_window_corner_ca,
          co_window_2corner, co_window_broadway_a, co_window_of_opportunity_c,
          co_window_corner_ca, co_window_of_opportunity_c, glass_columns_b,
          glass_columns_a, gup_sewer_entry_spiral, grunt_ministairs_2,
          minmay_hedge_maze, uniq_grinder

Skill      XL: |  1  2  3 |
---------------+----------+-----
Dodging        | 2 |  2.2
Fighting       | 2 |  2.0
Unarmed Combat | |  3.4
Shapeshifting  | |  3.7

Action                     || total
---------------------------++-------
  Melee: Unarmed           ||   113
         Tailslap          ||    13
         Punch             ||     1
    Use: Scroll            ||     1
         Potion            ||     1
 Armour: Skin              ||    68
  Dodge: Dodged            ||    71

Table legend: (Time is in decaauts)
 A = Elapsed time spent in this place.
 B = Non-inter-level travel time spent in this place.
 C = Inter-level travel time spent in this place.
 D = Time resting spent in this place.
 E = Time spent auto-exploring this place.
 F = Levels seen in this place.
 G = Mean time per level.
                   A        B        C        D        E       F      G
               +--------+--------+--------+--------+--------+-----+--------+
         Total |   1580 |   1539 |     41 |     35 |   1157 |   3 |  526.7 |
       Dungeon |   1580 |   1539 |     41 |     35 |   1157 |   3 |  526.7 |
               +--------+--------+--------+--------+--------+-----+--------+

Top non-repeatable levels by time:
     D:2: 815 daAuts
     D:1: 642 daAuts
     D:3: 123 daAuts
